 Dungeon Crawl Stone Soup version 0.27-a0-1200-g94dc6ad4cf (webtiles) character file.

Game seed: 6577108482346790490

7668 oLDEn the Grappler (level 10, -4/100 HPs)
             Began as a Troll Monk on May 31, 2021.
             Was a Believer of the Shining One.
             Killed from afar by an electric eel (11 damage)
             ... with a bolt of electricity
             ... on level 10 of the Dungeon on June 1, 2021.
             The game lasted 00:47:56 (7750 turns).

oLDEn the Grappler (Troll Monk)                     Turns: 7750, Time: 00:47:59

Health: -4/100     AC: 11    Str: 21    XL:     10   Next: 99%
Magic:  9/9        EV: 15    Int:  8    God:    the Shining One [**....]
Gold:   332        SH:  0    Dex: 13    Spells: 9/9 levels left

rFire    . . .     SeeInvis +     - Unarmed
rCold    . . .     Faith    .   (no shield)
rNeg     + . .     Spirit   .   k - +0 acid dragon scales
rPois    .         Reflect  .   (helmet restricted)
rElec    .         Harm     .   y - +2 cloak {rCorr}
rCorr    +         Rampage  .   (gloves unavailable)
Will     .....                  (boots unavailable)
Stlth    +.........             (no amulet)
HPRegen  1.26/turn              d - ring of see invisible
MPRegen  0.11/turn              A - +4 ring of evasion

@: glowing
A: large, unfitting armour, claws 3, regeneration 1, shaggy fur 1, tough skin 1
a: Renounce Religion, Divine Shield


You were on level 10 of the Dungeon.
You worshipped the Shining One.
The Shining One was pleased with you.
You visited 2 branches of the dungeon, and saw 11 of its levels.

You collected 420 gold pieces.
You spent 88 gold pieces at shops.

Inventory:

Missiles
 a - 6 atropa-tipped darts
 e - 4 boomerangs (quivered)
 g - 3 large rocks
 i - 9 silver boomerangs
 m - 5 throwing nets
Armour
 k - +0 acid dragon scales (worn)
 y - a +2 cloak of preservation (worn)
Jewellery
 d - a ring of see invisible (left claw)
 A - a +4 ring of evasion (right claw)
Wands
 h - a wand of polymorph (6)
 v - a wand of paralysis (9)
 w - a wand of mindburst (18)
 x - a wand of acid (9)
Scrolls
 l - 3 scrolls of immolation
 n - 2 scrolls of enchant weapon
 o - 2 scrolls of teleportation {unknown}
 q - 2 scrolls of torment {unknown}
 s - a scroll of vulnerability {unknown}
 t - 2 scrolls of amnesia
 z - a scroll of noise {unknown}
 B - a scroll of enchant armour {unknown}
Potions
 b - 4 potions of brilliance
 c - a potion of might {unknown}
 f - 2 potions of mutation
 j - a potion of invisibility
 p - a potion of flight {unknown}
 r - a potion of cancellation {unknown}
 u - a potion of resistance {unknown}


   Skills:
 + Level 6.8 Fighting
 + Level 6.8 Throwing
 + Level 6.8 Dodging
 - Level 1.0 Stealth
 * Level 11.1 Unarmed Combat


You had 9 spell levels left.
You didn't know any spells.
Your spell library contained the following spells:

 Spells                   Type           Power      Damage    Failure   Level
 Animate Skeleton         Necr           0%         N/A       50%         1
 Apportation              Tloc           0%         N/A       50%         1
 Corona                   Hex            0%         N/A       50%         1
 Freeze                   Ice            0%         1d3       50%         1
 Magic Dart               Conj           0%         1d3       50%         1
 Summon Small Mammal      Summ           0%         N/A       50%         1
 Blink                    Tloc           N/A        N/A       63%         2
 Call Imp                 Summ           0%         N/A       63%         2
 Ensorcelled Hibernation  Hex/Ice        0%         N/A       63%         2
 Slow                     Hex            0%         N/A       63%         2
 Confusing Touch          Hex            0%         N/A       86%         3
 Conjure Flame            Conj/Fire      0%         6-21      86%         3
 Dazzling Flash           Conj/Hex       0%         N/A       86%         3
 Frozen Ramparts          Ice            0%         1d2       86%         3
 Mephitic Cloud           Conj/Pois/Air  0%         N/A       86%         3
 Ozocubu's Armour         Ice            0%         N/A       86%         3
 Tukima's Dance           Hex            0%         N/A       86%         3
 Hailstorm                Conj/Ice       0%         3d3       99%         4
 Metabolic Englaciation   Hex/Ice        0%         N/A       100%        5


Dungeon Overview and Level Annotations

Branches:
Dungeon (10/15)            Temple (1/1) D:6
   Lair: D:8-11         Orc: D:9-12

Altars:
Ashenzari
Cheibriados
Dithmenos
Elyvilon
Fedhas
Gozag
Hepliaklqana
Kikubaaqudgha
Makhleb
Nemelex Xobeh
Okawaru
Qazlal
Ru
Sif Muna
Trog
Uskayaw
Vehumet
Wu Jian
Xom
Yredelemnul
Zin
The Shining One
Lugonu

Shops:
D:4 *?[   D:9 *

Annotations:
D:4 2 transporters, Menkaure
D:7 2 transporters
D:8 2 transporters, MoonlitKnight's ghost, novice MiBe


Innate Abilities, Weirdness & Mutations

You are too large for most types of armour.
You have claws for hands.
Your natural rate of healing is unusually fast.
You are covered in fur. (AC +1)
You have tough skin. (AC +1)


Message History

The bolt of electricity hits you!
The electric eel shoots out a bolt of lightning at you!
The bolt of electricity hits you!
The electric eel shoots out a bolt of lightning at you!
The bolt of electricity hits the electric eel.
The electric eel completely resists.
The bolt of electricity hits you.
The electric eel shoots out a bolt of lightning at you!
The bolt of electricity hits the electric eel.
The electric eel completely resists.
The bolt of electricity hits you!
You scratch the electric eel.
The electric eel is moderately wounded.
The electric eel shoots out a bolt of lightning at you!
The bolt of electricity hits the electric eel.
The electric eel completely resists.
The bolt of electricity hits you.
The electric eel shoots out a bolt of lightning at you!
The bolt of electricity hits you.
Okay, then.
Okay, then.
The electric eel shoots out a bolt of lightning at you!
The bolt of electricity hits you.
* * * LOW HITPOINT WARNING * * *
The electric eel shoots out a bolt of lightning at you!
The bolt of electricity hits you!
* * * LOW HITPOINT WARNING * * *
The electric eel shoots out a bolt of lightning at you!
The bolt of electricity hits you.
* * * LOW HITPOINT WARNING * * *
The bolt of electricity hits you.
* * * LOW HITPOINT WARNING * * *
You feel better.
The electric eel shoots out a bolt of lightning at you!
The bolt of electricity hits you!
* * * LOW HITPOINT WARNING * * *
You fail to use your ability.
The electric eel shoots out a bolt of lightning at you!
The bolt of electricity hits you.
* * * LOW HITPOINT WARNING * * *
The electric eel shoots out a bolt of lightning at you!
The bolt of electricity hits you!
You die...

.. #....# ....... ...
#....+ .......# ...#
#....####.......#..
...#+##...............#..
..............<.......≈#
.....................≈≈#
...............###..≈≈≈##
.......####....#....$≈≈≈#
...>...# #....'@...;≈≈≈##
...##### #....#...≈;≈≈≈≈#
...#..# #....####;≈≈≈≈≈#
...'..# #.........≈≈≈≈≈≈
...#..# #..........≈≈≈≈≈
...#..# #...........≈≈≈≈
#'##..# #..........≈≈≈##
..##..# ###+#.......≈≈#
...#... #.......≈##


You could see 3 electric eels.

Vanquished Creatures
  Harold (D:7)
  A two-headed ogre (D:9)
  Pikel (D:6)
  Joseph (D:9)
  Maggie (D:6)
  2 hornets
  A troll (D:10)
  Sigmund (D:2)
  A wyvern (D:9)
  4 yaks (D:9)
  A steam dragon (D:7)
  Grum (D:8)
  An acid dragon (D:9)
  Edmund (D:4)
  Duvessa (D:6)
  4 ice beasts
  2 sky beasts
  2 orc warriors (D:9)
  2 black bears (D:6)
  A necrophage (D:5)
  3 ogres
  3 wolves (D:8)
  3 centaurs
  A lemure (D:6)
  A phantom (D:5)
  Blork the orc (D:5)
  4 bullfrogs
  2 scorpions
  Dowan (D:6)
  A wyvern zombie (D:8)
  6 howler monkeys
  Crazy Yiuf (D:7)
  2 orc priests
  2 bullfrog skeletons
  5 hounds
  An iguana (D:5)
  4 orc wizards
  A hound skeleton (D:4)
  A howler monkey zombie (D:9)
  3 gnolls (D:3)
  A howler monkey skeleton (D:4)
  9 adders
  A white imp (D:6)
  2 ufetubi (D:5)
  An adder skeleton (D:4)
  3 dart slugs
  21 orcs
  7 ball pythons
  6 bats
  4 endoplasms
  A giant cockroach (D:1)
  4 goblins
  4 hobgoblins
  3 jackals (D:5)
  5 quokkas
  A frilled lizard (D:3)
  4 kobolds
  6 rats
159 creatures vanquished.

Notes
Turn   | Place    | Note
-------+----------+-------------------------------------------
     0 | D:1      | oLDEn the Troll Monk began the quest for the Orb.
     0 | D:1      | Reached XP level 1. HP: 22/22 MP: 0/0
    23 | D:1      | Found a faded altar of an unknown god.
   333 | D:1      | Reached XP level 2. HP: 29/29 MP: 1/1
  1016 | D:2      | Reached XP level 3. HP: 36/36 MP: 2/2
  1021 | D:2      | Noticed Sigmund
  1095 | D:2      | Killed Sigmund
  1096 | D:2      | Reached skill level 1 in Throwing
  1096 | D:2      | Reached skill level 4 in Unarmed Combat
  1096 | D:2      | Reached XP level 4. HP: 26/45 MP: 3/3
  1096 | D:2      | Reached XP level 5. HP: 30/53 MP: 4/4
  1574 | D:3      | Found a sacrificial altar of Ru.
  1880 | D:3      | Reached XP level 6. HP: 53/61 MP: 5/5
  2214 | D:4      | Found Gurihox's Armour Boutique.
  2276 | D:4      | Reached skill level 5 in Unarmed Combat
  2329 | D:4      | Found Ipliuts's Magic Scroll Emporium.
  2355 | D:4      | Bought a scroll of identify for 22 gold pieces
  2355 | D:4      | Bought a scroll of identify for 22 gold pieces
  2355 | D:4      | Bought a scroll of identify for 22 gold pieces
  2355 | D:4      | Bought a scroll of identify for 22 gold pieces
  2359 | D:4      | Noticed Edmund
  2545 | D:4      | Reached XP level 7. HP: 66/67 MP: 6/6
  2591 | D:4      | Killed Edmund
  2647 | D:4      | Found an ancient bone altar of Kikubaaqudgha.
  2649 | D:4      | Noticed Menkaure
  2652 | D:4      | Found a basalt altar of Yredelemnul.
  2655 | D:4      | Found a transporter.
  2752 | D:4      | Found Juym's General Store.
  2887 | D:4      | Found a transporter.
  2925 | D:5      | Entered Level 5 of the Dungeon
  2936 | D:5      | Reached skill level 6 in Unarmed Combat
  3007 | D:5      | Noticed Blork the orc
  3024 | D:5      | Killed Blork the orc
  3133 | D:5      | Reached XP level 8. HP: 73/78 MP: 7/7
  3225 | D:5      | Reached skill level 7 in Unarmed Combat
  3727 | D:6      | Found a staircase to the Ecumenical Temple.
  3733 | Temple   | Entered the Ecumenical Temple
  3903 | Temple   | Became a worshipper of the Shining One
  3903 | Temple   | Reached * piety under the Shining One
  3903 | Temple   | Reached ** piety under the Shining One
  4238 | D:6      | Reached skill level 8 in Unarmed Combat
  4249 | D:6      | Noticed Maggie
  4261 | D:6      | Killed Maggie
  4262 | D:6      | Reached skill level 5 in Fighting
  4262 | D:6      | Reached skill level 5 in Dodging
  4262 | D:6      | Reached XP level 9. HP: 64/88 MP: 5/8
  4493 | D:6      | Noticed Duvessa
  4494 | D:6      | Noticed Dowan
  4500 | D:6      | Killed Duvessa
  4502 | D:6      | Killed Dowan
  4903 | D:7      | Noticed Pikel
  4924 | D:6      | Killed Pikel
  4925 | D:6      | Reached skill level 5 in Throwing
  4991 | D:7      | Found a transporter.
  4992 | D:7      | Found a corrupted altar of Lugonu.
  4992 | D:7      | Noticed a brown ugly thing
  5013 | D:7      | Reached skill level 9 in Unarmed Combat
  5165 | D:7      | Noticed Harold
  5186 | D:7      | Killed Harold
  5434 | D:7      | Found a transporter.
  5435 | D:7      | Noticed a brown ugly thing
  5481 | D:7      | Reached XP level 10. HP: 98/98 MP: 9/9
  5586 | D:7      | Found a runed translucent door.
  5587 | D:7      | Noticed Crazy Yiuf
  5593 | D:7      | Killed Crazy Yiuf
  5765 | D:8      | Found an opulent altar of Gozag.
  5974 | D:8      | Noticed a moth of wrath
  5976 | D:8      | Noticed MoonlitKnight's ghost (novice MiBe)
  5987 | D:8      | Noticed Grum
  6012 | D:8      | Killed Grum
  6013 | D:8      | Reached skill level 10 in Unarmed Combat
  6136 | D:8      | Found a transporter.
  6137 | D:8      | Found a transporter.
  6141 | D:8      | Found a bloodstained altar of Trog.
  6499 | D:9      | Noticed Joseph
  6514 | D:9      | Killed Joseph
  6741 | D:9      | Noticed a two-headed ogre
  6749 | D:9      | Killed a two-headed ogre
  7051 | D:9      | Found Qanuted's Mayhem Merchandise.
  7153 | D:9      | Paralysed by a hornet for 3 turns
  7157 | D:9      | Reached skill level 11 in Unarmed Combat
  7539 | D:10     | Entered Level 10 of the Dungeon
  7750 | D:10     | Killed from afar by an electric eel

Illustrated notes

Levels and vault maps discovered:
D:1:      mrwooster_arrival_arrow, layout_basic,
          hellmonk_ecumenical_altar_zigzags, minmay_misc_feat_square
D:2:      layout_basic, uniq_sigmund
D:3:      layout_basic, nicolae_overflow_crystal_walls
D:4:      layout_basic, gammafunk_temple_of_torment, serial_shops, shop,
          nicolae_shop_statue_plus, shop, uniq_edmund
D:5:      layout_loops_ring, uniq_blork_the_orc
D:6:      layout_loops_corners, minmay_temple_entry_enclosed_plants,
          uniq_maggie, uniq_duvessa, uniq_menkaure
D:7:      gammafunk_corrupted_shrine, layout_cave_pools, grunt_ministairs_11,
          nrook_loot_triangle, uniq_harold, uniq_crazy_yiuf_cottage, uniq_pikel
D:8:      layout_basic, nicolae_gozag_cash_rules_everything_around_me,
          gammafunk_ghost_wrathful_warriors, uniq_grum
D:9:      layout_gridville, minmay_shop_mayhem, uniq_joseph
D:10:     statuecave_lemuel, layout_gridville, dpeg_oklobed_lair,
          chequers_jeans, kennysheep_generic_room_16
Temple:   regret_index_temple_mists

Skill      XL: |  1  2  3  4  5  6  7  8  9 10 |
---------------+-------------------------------+-----
Fighting       | 3 4 5 6 |  6.8
Throwing       | 1 2 3 4 5 6 |  6.8
Dodging        | 3 4 5 6 |  6.8
Unarmed Combat | 4 5 6 8 9 11 | 11.1
Stealth        | |  1.0

Action                   |  1- 3 |  4- 6 |  7- 9 | 10-12 || total
-------------------------+-------+-------+-------+-------++-------
Melee: Unarmed           |    45 |   112 |   218 |   136 ||   511
       Punch             |     1 |     1 |     8 |     4 ||    14
Throw: Large rock        |       |       |     7 |       ||     7
       Boomerang         |       |       |     4 |     3 ||     7
Invok: Divine Shield     |       |       |     1 |     1 ||     2
  Use: Scroll            |     3 |     3 |     5 |     2 ||    13
       Potion            |       |       |     4 |     5 ||     9
 Stab: Sleeping          |       |     4 |     1 |       ||     5
Armor: Robe              |    16 |    22 |    37 |    18 ||    93
       Skin              |       |       |     9 |     1 ||    10
       Acid dragon scale |       |       |       |    20 ||    20
Dodge: Dodged            |    19 |    50 |    96 |    64 ||   229
Block: Other             |       |       |     2 |     1 ||     3

Table legend: (Time is in decaauts)
 A = Elapsed time spent in this place.
 B = Non-inter-level travel time spent in this place.
 C = Inter-level travel time spent in this place.
 D = Time resting spent in this place.
 E = Time spent auto-exploring this place.
 F = Levels seen in this place.
 G = Mean time per level.
                   A        B        C        D        E       F      G
               +--------+--------+--------+--------+--------+-----+--------+
         Total |   7751 |   7405 |    346 |    253 |   5955 |  11 |  704.6 |
       Dungeon |   7504 |   7220 |    284 |    253 |   5774 |  10 |  750.4 |
        Temple |    247 |    185 |     62 |      0 |    181 |   1 |  247.0 |
               +--------+--------+--------+--------+--------+-----+--------+

Top non-repeatable levels by time:
     D:6: 1114 daAuts
     D:9: 1100 daAuts
     D:8: 775 daAuts
     D:3: 766 daAuts
     D:1: 720 daAuts
     D:4: 715 daAuts
     D:2: 708 daAuts
     D:5: 698 daAuts
     D:7: 695 daAuts
  Temple: 247 daAuts
    D:10: 207 daAuts
